 Dungeon Crawl Stone Soup version 0.28-a0-628-g3c9886e45e (webtiles) character file.

Game seed: 8079364585508558806

84 mordus the Poker (level 4, -1/39 HPs)
             Began as a Hill Orc Monk on Oct 8, 2021.
             Slain by an iguana (3 damage)
             ... on level 4 of the Dungeon.
             The game lasted 00:06:34 (3100 turns).

mordus the Poker (Hill Orc Monk)                    Turns: 3100, Time: 00:06:35

Health: -1/39      AC:  6    Str: 14    XL:     4   Next: 45%
Magic:  4/4        EV: 10    Int: 10    God:
Gold:   213        SH:  4    Dex: 13    Spells: 3/3 levels left

rFire   . . .      SeeInvis .   a - +0 spear
rCold   . . .      Faith    .   j - +0 buckler
rNeg    . . .      Spirit   .   d - +0 ring mail
rPois   .          Reflect  .   (no helmet)
rElec   .          Harm     .   h - scarf {shadows}
rCorr   .          Rampage  .   u - +0 pair of gloves
Will    .....                   (no boots)
Stlth   +.........              (no amulet)
HPRegen 0.13/turn               (no ring)
MPRegen 0.09/turn               (no ring)

@: no status effects
A: no striking features
a: no special abilities


You were on level 4 of the Dungeon.
You visited 1 branch of the dungeon, and saw 4 of its levels.

You collected 213 gold pieces.

Inventory:

Hand Weapons
 a - a +0 spear (weapon)
Armour
 b - a +0 robe
 d - a +0 ring mail (worn)
 h - a scarf of shadows (worn)
 j - a +0 buckler (worn)
 u - a +0 pair of gloves (worn)
Jewellery
 q - an amulet of regeneration
Wands
 k - a wand of acid (8)
Scrolls
 c - 2 scrolls of teleportation
 e - 4 scrolls of identify
 m - a scroll of silence {unknown}
 o - a scroll of acquirement {unknown}
 r - a scroll of blinking {unknown}
 t - a scroll of holy word {unknown}
 v - a scroll of noise {unknown}
Potions
 f - a potion of lignification {unknown}
 g - 3 potions of attraction
 i - a potion of might {unknown}
 l - 2 potions of curing {unknown}
 n - a potion of ambrosia {unknown}
 p - a potion of mutation {unknown}
 s - a potion of flight {unknown}


   Skills:
 - Level 3.6 Fighting
 * Level 4.8 Polearms
 + Level 2.1 Armour
 - Level 2.4 Dodging
 - Level 1.5 Stealth
 + Level 1.1 Shields


You had 3 spell levels left.
You didn't know any spells.
Your spell library was empty.

Dungeon Overview and Level Annotations

Branches:
Dungeon (4/15)
 Temple: D:4-7

Altars:
Hepliaklqana


Message History

The iguana is moderately wounded.
The iguana bites you.
You hit the iguana.
The iguana is heavily wounded.
The iguana bites you.
You hit the iguana.
The iguana is heavily wounded.
The iguana closely misses you.
You barely miss the iguana.
The iguana is heavily wounded.
The iguana bites you.
You hit the iguana but do no damage.
The iguana is heavily wounded.
You closely miss the iguana.
The iguana is heavily wounded.
The iguana bites you but does no damage.
You barely miss the iguana.
The iguana is heavily wounded.
The iguana closely misses you.
You hit the iguana.
The iguana is severely wounded.
The iguana bites you!
You hit the iguana but do no damage.
The iguana is severely wounded.
You block the iguana's attack.
You closely miss the iguana.
The iguana is severely wounded.
The iguana bites you!
* * * LOW HITPOINT WARNING * * *
You hit the iguana but do no damage.
The iguana is severely wounded.
The iguana misses you.
You hit the iguana but do no damage.
The iguana is severely wounded.
The iguana closely misses you.
As you read the scroll labelled LAILOKK NAXUZ, it crumbles to dust.
It is a scroll of identify.
g - 3 potions of attraction The iguana bites you.
You die...

###### #..O.#
♣♣l♣♣ ♣≈≈@♣
♣♣≈♣♣ ♣≈.♣♣
♣♣♣≈≈♣♣♣♣ #####
##♣♣♣♣≈..≈≈≈≈♣♣#
#...###
#..≈≈..≈≈≈≈≈≈...
#.#..g.
#.≈.♣P♣≈≈≈P♣≈≈♣
#...###
#.♣♣♣♣♣♣≈P♣♣♣♣♣
.####.### #.#
♣♣.♣♣
...!.....##


You could see an iguana.

Vanquished Creatures
  A gnoll (D:4)
  3 adders
  An orc (D:2)
  3 ball pythons
  6 bats
  2 endoplasms (D:1)
  4 giant cockroaches
  2 goblins
  A hobgoblin (D:1)
  4 jackals (D:1)
  4 kobolds
  5 quokkas
  4 frilled lizards
  4 rats
44 creatures vanquished.

Vanquished Creatures (others)
  11 plants (D:4)
11 creatures vanquished.

Grand Total: 55 creatures vanquished

Notes
Turn   | Place    | Note
-------+----------+-------------------------------------------
     0 | D:1      | mordus the Hill Orc Monk began the quest for the Orb.
     0 | D:1      | Reached XP level 1. HP: 19/19 MP: 1/1
   289 | D:1      | Reached XP level 2. HP: 26/26 MP: 2/2
   442 | D:1      | Reached skill level 1 in Armour
   715 | D:1      | Reached skill level 4 in Polearms
   750 | D:1      | Reached XP level 3. HP: 30/31 MP: 3/3
  2277 | D:3      | Reached XP level 4. HP: 39/39 MP: 4/4
  2524 | D:3      | Found a hazy altar of Hepliaklqana.
  2615 | D:4      | Noticed a gnoll sergeant
  2642 | D:4      | Reached skill level 1 in Shields
  2652 | D:4      | Noticed an ogre
  3096 | D:4      | HP: 1/39 [iguana (12)]
  3100 | D:4      | Slain by an iguana

Illustrated notes

Levels and vault maps discovered:
D:1:      arrival_zaba_pyramid, layout_basic, hangedman_glass_teeth
D:2:      layout_basic, grunt_ministairs_14, chequers_serial_rivers_small_a,
          minivault_19, minmay_quantized
D:3:      layout_basic, general_overflow_altar
D:4:      layout_loops_ring, serial_bayou, serial_bayou_pond_a,
          serial_bayou_lake_a, serial_bayou_pond_d, serial_bayou_crossing,
          serial_bayou_pond_a, kennysheep_generic_room_15

Skill      XL: |  1  2  3  4 |
---------------+-------------+-----
Armour         | 1 2 |  2.1
Polearms       | 4 |  4.8
Shields        | 1 |  1.1
Fighting       | |  3.6
Dodging        | |  2.4
Stealth        | |  1.5

Action                   |  1- 3 |  4- 6 || total
-------------------------+-------+-------++-------
Melee: Spear             |   137 |    50 ||   187
  Use: Scroll            |       |     2 ||     2
 Stab: Sleeping          |     4 |       ||     4
Armor: Ring mail         |    31 |     8 ||    39
Dodge: Dodged            |    49 |    19 ||    68
Block: Buckler           |     7 |     6 ||    13

Table legend: (Time is in decaauts)
 A = Elapsed time spent in this place.
 B = Non-inter-level travel time spent in this place.
 C = Inter-level travel time spent in this place.
 D = Time resting spent in this place.
 E = Time spent auto-exploring this place.
 F = Levels seen in this place.
 G = Mean time per level.
                   A        B        C        D        E       F      G
               +--------+--------+--------+--------+--------+-----+--------+
         Total |   3091 |   2958 |    133 |    225 |   2307 |   4 |  772.8 |
       Dungeon |   3091 |   2958 |    133 |    225 |   2307 |   4 |  772.8 |
               +--------+--------+--------+--------+--------+-----+--------+

Top non-repeatable levels by time:
     D:1: 1129 daAuts
     D:2: 917 daAuts
     D:4: 523 daAuts
     D:3: 521 daAuts
